 Dungeon Crawl Stone Soup version 0.28.0-43-g3370ac3207 (webtiles) character file.

Game seed: 1467589197208318386

379 croobank the Skirmisher (level 6, -3/56 HPs)
             Began as a Hill Orc Fighter on Mar 21, 2022.
             Was a Follower of Beogh.
             Killed by divine providence
             ... invoked by an orc priest
              (17 damage)
             ... on level 3 of the Dungeon.
             The game lasted 00:08:02 (2911 turns).

croobank the Skirmisher (Hill Orc Fighter)          Turns: 2911, Time: 00:08:02

Health: -3/56      AC:  7    Str: 21    XL:     6   Next: 74%
Magic:  8/8        EV:  9    Int:  8    God:    Beogh [*.....]
Gold:   131        SH:  4    Dex: 10    Spells: 5/5 levels left

rFire   . . .      SeeInvis .   a - +4 hand axe
rCold   . . .      Faith    .   c - +0 buckler
rNeg    . . .      Spirit   .   i - +0 scale mail
rPois   .          Reflect  .   (no helmet)
rElec   .          Harm     .   (no cloak)
rCorr   .          Rampage  .   (no gloves)
Will    .....                   (no boots)
Stlth   ..........              (no amulet)
HPRegen 0.18/turn               (no ring)
MPRegen 0.11/turn               (no ring)

@: no status effects
A: no striking features
a: Renounce Religion


You were on level 3 of the Dungeon.
You worshipped Beogh.
Beogh was aware of your devotion.
You visited 1 branch of the dungeon, and saw 3 of its levels.

You collected 131 gold pieces.

Inventory:

Hand Weapons
 a - a +4 hand axe (weapon)
 b - a +0 hunting sling
 g - a +2 scythe of protection
 s - a +0 war axe
Missiles
 h - 142 stones (quivered)
 j - 3 silver javelins
 k - 24 sling bullets
 q - 15 arrows
 t - 6 poisoned darts
Armour
 c - a +0 buckler (worn)
 i - a +0 scale mail (worn)
Potions
 d - a potion of flight
 l - 3 potions of curing
 m - a potion of mutation {unknown}
 n - 2 potions of magic {unknown}
 p - a potion of invisibility {unknown}


   Skills:
 + Level 5.2 Fighting
 + Level 4.7 Axes
 + Level 4.6 Armour
 + Level 4.7 Shields
 + Level 3.2 Invocations


You had 5 spell levels left.
You didn't know any spells.
Your spell library was empty.

Dungeon Overview and Level Annotations

Branches:
Dungeon (3/15)

Altars:


Message History

The orc wizard is heavily wounded.
The orc wizard hits you but does no damage.
You slash the orc wizard!
The orc wizard is almost dead.
The orc wizard hits you but does no damage.
You slash the orc wizard!
You kill the orc wizard!
Beogh accepts your kill.
The orc priest calls down the wrath of Beogh upon you.
Beogh smites you!
* * * LOW HITPOINT WARNING * * *
The orc priest misses you.
Items here: ))) [ †.
You closely miss the orc priest.
The orc priest calls down the wrath of Beogh upon you.
You barely resist. You hit the orc priest.
The orc priest is lightly wounded.
The orc priest hits you but does no damage.
You closely miss the orc priest.
The orc priest is lightly wounded.
The orc priest mumbles some strange prayers to Beogh against you.
You barely resist. You hit the orc priest.
The orc priest is heavily wounded.
The orc priest hits you but does no damage.
The orc priest invokes the aid of Beogh against you.
Pain shoots through your body!
* * * LOW HITPOINT WARNING * * *
You hit the orc priest.
The orc priest is severely wounded.
The orc priest hits you with a +0 dagger.
* * * LOW HITPOINT WARNING * * *
Okay, then.
You aren't carrying any scrolls.
You feel better.
The orc priest mumbles some strange prayers to Beogh against you.
Beogh smites you!
You die...
Beogh appreciates the orc priest's killing of a heretic priest.

## #.........#
#.........#
#.........#
#.........#
#.........#
################.##
.........# #.#
########.# #.# #.#
#@# #.# #o# #.# #.#
#.# #.# #.# #.# #.#
#.# #.# #.# #.# #.#
#.#


You could see an orc priest.

Vanquished Creatures
  Sigmund (D:3)
  2 orc priests (D:3)
  Natasha (D:3)
  An orc wizard (D:3)
  4 adders
  2 dart slugs (D:1)
  7 orcs
  2 endoplasms
  2 giant cockroaches
  9 goblins
  4 hobgoblins
  2 quokkas
  4 ball pythons
  3 bats
  2 frilled lizards
  3 kobolds
  9 rats
58 creatures vanquished.

Vanquished Creatures (others)
  An orc priest (D:2)
1 creature vanquished.

Grand Total: 59 creatures vanquished

Notes
Turn   | Place    | Note
-------+----------+-------------------------------------------
     0 | D:1      | croobank the Hill Orc Fighter began the quest for the Orb.
     0 | D:1      | Reached XP level 1. HP: 19/19 MP: 1/1
   303 | D:1      | Reached XP level 2. HP: 22/27 MP: 2/2
   387 | D:1      | You fall into a shaft and drop 1 floor!
   566 | D:1      | Reached skill level 4 in Fighting
   912 | D:1      | Reached XP level 3. HP: 33/33 MP: 3/3
  1146 | D:2      | Became a worshipper of Beogh the Brigand
  1633 | D:2      | Reached skill level 1 in Invocations
  1633 | D:2      | Reached XP level 4. HP: 37/40 MP: 4/4
  1979 | D:3      | Noticed Sigmund
  1994 | D:3      | Killed Sigmund
  1995 | D:3      | Reached XP level 5. HP: 8/47 MP: 4/6
  1995 | D:3      | Reached XP level 6. HP: 10/55 MP: 4/7
  2340 | D:3      | Reached skill level 5 in Fighting
  2665 | D:3      | Reached * piety under Beogh
  2758 | D:3      | Noticed Natasha
  2766 | D:3      | Killed Natasha
  2910 | D:3      | HP: 2/56 [orc priest/+0 dagger (4)]
  2911 | D:3      | Killed from afar by an orc priest

Illustrated notes

Levels and vault maps discovered:
D:1:      minmay_arrival_jagged, layout_basic, minmay_tromino_i4
D:2:      cheibrodos_pilgrimage, layout_loops_corners, hangedman_feature_mirror
D:3:      layout_basic, uniq_sigmund, uniq_natasha

Skill      XL: |  1  2  3  4  5  6 |
---------------+-------------------+-----
Axes           | 3 4 |  4.7
Fighting       | 4 5 |  5.2
Invocations    | 1 2 3 |  3.2
Armour         | 4 |  4.6
Shields        | 4 |  4.7

Action                   |  1- 3 |  4- 6 || total
-------------------------+-------+-------++-------
Melee: War axe           |    97 |    60 ||   157
       Hand axe          |       |    41 ||    41
Invok: Convert to Beogh  |     1 |       ||     1
  Use: Scroll            |       |     6 ||     6
       Potion            |       |     3 ||     3
Armor: Scale mail        |    52 |    47 ||    99
Dodge: Dodged            |    40 |    34 ||    74
Block: Buckler           |    18 |    10 ||    28
